 Dungeon Crawl Stone Soup version 0.21.1-1-g345015fe64 (webtiles) character file.

175 Lothor the Chopper (level 5, -6/45 HPs)
             Began as a Minotaur Fighter on Mar 25, 2018.
             Was an Initiate of the Shining One.
             Mangled by Menkaure (20 damage)
             ... on level 4 of the Dungeon.
             The game lasted 00:07:05 (2495 turns).

Lothor the Chopper (Minotaur Fighter)               Turns: 2495, Time: 00:07:06

Health: -6/45      AC:  9    Str: 20    XL:     5   Next: 29%
Magic:  4/4        EV:  7    Int:  5    God:    the Shining One [......]
Gold:   103        SH:  9    Dex: 11    Spells: 4/4 levels left

rFire    . . .     SeeInvis .   a - +0 war axe
rCold    . . .     Gourm    .   c - +0 shield
rNeg     . . .     Faith    .   b - +0 scale mail
rPois    .         Spirit   .   (helmet restricted)
rElec    .         Reflect  .   o - +0 cloak
rCorr    .         Harm     .   l - +0 pair of gloves
MR       .....                  (no boots)
Stlth    ..........             (no amulet)
HPRegen  0.15/turn              (no ring)
MPRegen  0.09/turn              (no ring)

@: glowing, drained
A: retaliatory headbutt, horns 2
a: Renounce Religion


You were on level 4 of the Dungeon.
You worshipped the Shining One.
The Shining One was noncommittal.
You were not hungry.

You visited 1 branch of the dungeon, and saw 4 of its levels.

You collected 103 gold pieces.

Inventory:

Hand Weapons
 a - a +0 war axe (weapon)
Missiles
 e - 102 stones (quivered)
 s - 24 sling bullets
Armour
 b - a +0 scale mail (worn)
 c - a +0 shield (worn)
 l - a +0 pair of gloves (worn)
 o - a +0 cloak (worn)
 q - a +3 ring mail
Scrolls
 g - 3 scrolls of remove curse {unknown}
 h - 3 scrolls of enchant armour {unknown}
 i - 3 scrolls of teleportation {unknown}
 k - a scroll of identify {unknown}
 m - a scroll of magic mapping {unknown}
Potions
 d - a potion of might
 j - 2 potions of heal wounds
 n - a potion of degeneration {unknown}
 p - 2 potions of experience {unknown}
 r - a potion of flight {unknown}
Comestibles
 f - 8 rations


   Skills:
 - Level 3.6(2.9) Fighting
 + Level 6.7(6.0) Axes
 - Level 3.6(2.9) Armour
 - Level 3.6(2.9) Shields


You had 4 spell levels left.
You didn't know any spells.

Dungeon Overview and Level Annotations

Branches:
Dungeon (4/15)
 Temple: D:4-7

Altars:
The Shining One

Annotations:
D:4 Edmund, Menkaure


Innate Abilities, Weirdness & Mutations

You reflexively headbutt those who attack you in melee.
You have a pair of horns on your head.


Message History

You hit Edmund but do no damage.
Edmund is moderately wounded.
You hit Menkaure.
Menkaure mumbles some strange words.
Menkaure seems to speed up.
Edmund hits you but does no damage.
You feel drained.
Your shield and scale mail prevent you from hitting Edmund.
You headbutt Edmund.
Edmund is moderately wounded.
You hit Menkaure. You block Menkaure's attack. Edmund barely misses you.
You slash Edmund!
Edmund is severely wounded.
You hit Menkaure. Menkaure hits you! You block Menkaure's attack.
Edmund drinks a potion.
Edmund is healed!
You hit Edmund but do no damage. Your headbutt misses Edmund.
You slash Menkaure! Menkaure hits you but does no damage.
Edmund hits you with a flail of draining.
You feel drained.
You hit Edmund but do no damage. You hit Menkaure. Menkaure hits you!!
You die...

#..............#......
#..............#......
#..[...........'......
#..............#......
#..............#......
#..............#......
#..............#......
#####'###..#####......
#..M@# #..#.....#####
#...@..+...#....<#
#......#...#.....#
#......#...#.....#
##....##...#.....#
#....##...#.....#
.....######.....#
#...... #.....+
#.....#


You could see Edmund and Menkaure.

Vanquished Creatures
  Crazy Yiuf (D:2)
  A worker ant (D:4)
  3 adders
  A worm (D:2)
  5 dart slugs
  3 leopard geckos
  An orc (D:3)
  14 giant cockroaches
  7 goblins
  10 hobgoblins
  2 jackals (D:1)
  5 kobolds
  A ball python (D:2)
  8 bats
  2 frilled lizards (D:2)
  12 rats
76 creatures vanquished.

Notes
Turn   | Place    | Note
-------+----------+-------------------------------------------
     0 | D:1      | Lothor the Minotaur Fighter began the quest for the Orb.
     0 | D:1      | Reached XP level 1. HP: 19/19 MP: 0/0
    46 | D:1      | Reached skill level 3 in Axes
   208 | D:1      | Reached XP level 2. HP: 25/26 MP: 1/1
   291 | D:1      | Reached skill level 4 in Axes
   431 | D:1      | Reached XP level 3. HP: 26/31 MP: 2/2
   740 | D:2      | Found a runed door.
   823 | D:2      | Noticed Crazy Yiuf
   830 | D:2      | Killed Crazy Yiuf
   830 | D:2      | Reached skill level 5 in Axes
   830 | D:2      | Reached XP level 4. HP: 25/39 MP: 3/3
   973 | D:2      | Found a glowing golden altar of the Shining One.
  1055 | D:2      | Became a worshipper of the Shining One
  1151 | D:2      | Reached skill level 6 in Axes
  1661 | D:3      | Reached XP level 5. HP: 42/45 MP: 4/4
  2486 | D:4      | Noticed Edmund
  2487 | D:4      | Noticed Menkaure
  2495 | D:4      | Mangled by Menkaure

Skill      XL: |  1  2  3  4 |
---------------+-------------+-----
Axes           | 3 4 5 6 |  6.7
Fighting       | |  3.6
Armour         | |  3.6
Shields        | |  3.6

Action                   |  1- 3 |  4- 6 || total
-------------------------+-------+-------++-------
Melee: War axe           |    94 |   107 ||   201
       Headbutt          |    10 |    14 ||    24
  Eat: Chunk             |       |     5 ||     5
Armor: Scale mail        |    52 |    54 ||   106
Dodge: Dodged            |    28 |    26 ||    54
Block: Shield            |    37 |    61 ||    98
